 Dungeon Crawl Stone Soup version 0.22.1-5-g62c59d9 (webtiles) character file.

50 Tr0llz0r the Chopper (level 3, -3/27 HPs)
             Began as a Demonspawn Gladiator on Jan 7, 2019.
             Slain by an adder (5 damage)
             ... on level 2 of the Dungeon.
             The game lasted 00:04:56 (1541 turns).

Tr0llz0r the Chopper (Demonspawn Gladiator)         Turns: 1541, Time: 00:04:57

Health: -3/27      AC:  4    Str: 14 (15) XL:     3   Next: 55%
Magic:  3/3        EV: 12    Int:  6 (9)  God:
Gold:   75         SH:  0    Dex: 11 (14) Spells: 2/2 levels left

rFire    x . .     SeeInvis .   a - +1 war axe
rCold    + . .     Gourm    +   (no shield)
rNeg     + . .     Faith    .   b - +0 leather armour
rPois    .         Spirit   .   c - +0 helmet
rElec    .         Reflect  .   (no cloak)
rCorr    .         Harm     .   (no gloves)
MR       .....                  (no boots)
Stlth    +.........             h - amulet of the gourmand
HPRegen  0.09/turn              e - ring of positive energy
MPRegen  0.08/turn              i - ring of ice

@: lethally poisoned (-3 -> -4)
A: claws 1
a: no special abilities


You were on level 2 of the Dungeon.
You were not hungry.

You visited 1 branch of the dungeon, and saw 2 of its levels.

You collected 75 gold pieces.

Inventory:

Hand Weapons
 a - a +1 war axe (weapon)
Missiles
 d - 3 throwing nets (quivered)
 g - 100 stones
Armour
 b - a +0 leather armour (worn)
 c - a +0 helmet (worn)
Jewellery
 e - a ring of positive energy (left claw)
 h - an amulet of the gourmand (around neck)
 i - a ring of ice (right claw)
Comestibles
 f - a ration


   Skills:
 + Level 2.3 Fighting
 + Level 3.4 Axes
 + Level 1.8 Throwing
 + Level 0.4 Armour
 + Level 3.2 Dodging


You had 2 spell levels left.
You didn't know any spells.
Your spell library was empty.

Dungeon Overview and Level Annotations

Branches:
Dungeon (2/15)

Altars:
Dithmenos
Nemelex Xobeh


Innate Abilities, Weirdness & Mutations

You have sharp fingernails.


Message History

* * * LOW HITPOINT WARNING * * *
You miss the adder.
You feel sick. The adder closely misses you.
The bat hits you but does no damage. The adder bites you but does no damage.
You miss the adder. You barely miss the bat.
The bat hits you but does no damage. The adder closely misses you.
The adder bites you but does no damage.
You closely miss the adder. The bat closely misses you.
The bat barely misses you. The adder bites you.
* * * LOW HITPOINT WARNING * * *
You barely miss the adder. You hit the bat.
You kill the bat!
* * * LOW HITPOINT WARNING * * *
You feel sick. The adder bites you but does no damage.
The adder barely misses you.
You aren't carrying any potions.
As you read the scroll labeled WUECWO RIUWA, it crumbles to dust.
You feel blessed for a moment.
It was a scroll of remove curse.
The adder misses you.
You barely miss the adder. The adder closely misses you. The adder bites you.
You die...

..#.###.#...#..# .
................ ..
#.##............#
...#.##.###.##.##.##
<.....# #.##.##.#
#####.##.###.##.##.#
..........(.##.##.#
##..####†#.##.###.##.##.#
........S@.##.###.##.##.#
########.#.##...........#
#.#.######.##.##.#
#.#...........#
#.########.####
#.########.# #.##.......#
#.##.####### #.##.#


You could see an adder.

Vanquished Creatures
  A worm (D:2)
  2 dart slugs
  3 leopard geckos (D:1)
  An orc (D:2)
  4 bats
  3 giant cockroaches
  5 goblins
  4 hobgoblins
  A ball python (D:1)
  2 frilled lizards
  6 kobolds
  7 rats
39 creatures vanquished.

Notes
Turn   | Place    | Note
-------+----------+-------------------------------------------
     0 | D:1      | Tr0llz0r the Demonspawn Gladiator began the quest for the
                  | Orb.
     0 | D:1      | Reached XP level 1. HP: 16/16 MP: 1/1
   179 | D:1      | Gained mutation: You have sharp fingernails. [demonic
                  | ancestry]
   179 | D:1      | Reached XP level 2. HP: 20/22 MP: 2/2
   476 | D:1      | Found a sparkling altar of Nemelex Xobeh.
   679 | D:1      | Reached XP level 3. HP: 24/27 MP: 3/3
   959 | D:2      | Noticed an ogre
  1345 | D:2      | Found a shadowy altar of Dithmenos.
  1541 | D:2      | Slain by an adder

Skill      XL: |  1  2 |
---------------+-------+-----
Axes           | 3 |  3.4
Dodging        | 3 |  3.2
Fighting       | |  2.3
Throwing       | |  1.8
Armour         | |  0.4

Action                   || total
-------------------------++-------
Melee: War axe           ||   114
  Use: Scroll            ||     4
       Potion            ||     3
  Eat: Ration            ||     1
Armor: Leather armour    ||    50
Dodge: Dodged            ||   117
